 Dungeon Crawl Stone Soup version 0.31.0-1-g2c135a0 (webtiles) character file.

Game seed: 14685162149657798819

3601 Foodle the Spear-Bearer (level 9, -11/83 HPs)
             Began as a Minotaur Berserker on Mar 16, 2024.
             Was a Priest of Trog.
             Killed from afar by Jorgrun (14 damage)
             ... with an iron shot
             ... while petrified by Jorgrun
             ... on level 1 of the Orcish Mines.
             The game lasted 00:57:06 (7580 turns).

Foodle the Spear-Bearer (Minotaur Berserker)        Turns: 7580, Time: 00:57:06

Health: -11/83     AC: 15    Str: 26    XL:     9   Next: 85%
Magic:  8/8        EV: -1    Int:  4    God:    Trog [***...]
Gold:   305        SH:  0    Dex: 10    Spells: 8/8 levels left

rFire   . . .        D - +2 spear (heavy)
rCold   . . .        (no shield)
rNeg    + + +        b - +0 chain mail
rPois   ∞            m - +1 hat
rElec   .            q - +0 cloak
rCorr   .            p - +0 pair of gloves
SInv    .            i - +0 pair of boots
Will    .....        (no amulet) Stlth
                     r - +5 ring of evasion
HPRegen 0.33/turn    a - +5 ring of evasion
MPRegen 0.11/turn

%: no passive effects
@: petrified, grasped by roots, on berserk cooldown, slowed, constricted
A: horns 2, retaliatory headbutt
a: Renounce Religion, Berserk, Trog's Hand


You were on level 1 of the Orcish Mines.
You worshipped Trog.
Trog was most pleased with you.
You visited 3 branches of the dungeon, and saw 10 of its levels.
You also visited: Ossuary.

You collected 425 gold pieces.
You spent 120 gold pieces at shops.

Inventory:

Hand Weapons
 g - a +0 whip of electrocution
 D - a +2 heavy spear (weapon)
Armour
 b - a +0 chain mail (worn)
 i - a +0 pair of boots (worn)
 m - a +1 hat (worn)
 p - a +0 pair of gloves (worn)
 q - a +0 cloak (worn)
Jewellery
 a - a +5 ring of evasion (right hand)
 r - a +5 ring of evasion (left hand)
 u - a ring of protection from fire
 G - a ring of resist corrosion
Wands
 H - a wand of flame (7)
Scrolls
 j - 2 scrolls of vulnerability {unknown}
 l - 2 scrolls of identify
 o - 3 scrolls of revelation
 t - a scroll of silence {unknown}
 v - a scroll of immolation {unknown}
 y - 3 scrolls of enchant armour {unknown}
 A - a scroll of torment {unknown}
 E - a scroll of poison {unknown}
 F - a scroll of teleportation {unknown}
Potions
 c - 3 potions of heal wounds
 d - 2 potions of brilliance
 e - 2 potions of lignification
 f - a potion of degeneration {unknown}
 h - 5 potions of haste
 k - a potion of mutation {unknown}
 n - a potion of might {unknown}
 s - a potion of enlightenment {unknown}
 w - a potion of magic {unknown}
 x - 2 potions of attraction
 z - 6 potions of curing
 B - a potion of invisibility {unknown}
Miscellaneous
 C - a phantom mirror (inert) (quivered)


   Skills:
 * Level 9.1 Fighting
 - Level 3.7 Long Blades
 - Level 12.0 Polearms
 + Level 6.9 Armour
 + Level 5.0 Dodging
 - Level 0.6 Stealth


You had 8 spell levels left.
You didn't know any spells.
Your spell library was empty.

Dungeon Overview and Level Annotations

Branches:
Dungeon (9/15)             Temple (1/1) D:4             Orc (1/2) D:9
Ossuary (visited)
   Lair: D:8-11

Altars:
Ashenzari
Cheibriados
Dithmenos
Elyvilon
Fedhas
Gozag
Hepliaklqana
Kikubaaqudgha
Makhleb
Nemelex Xobeh
Okawaru
Qazlal
Trog
Uskayaw
Vehumet
Wu Jian
Xom
Yredelemnul
Zin
The Shining One

Shops:
D:4 *   D:9 ([

Annotations:
Orc:1 Jorgrun


Innate Abilities, Weirdness & Mutations

You have a pair of horns on your head.
You reflexively headbutt those who attack you in melee.


Message History

You are slowing down.
Your two-headed ogre goes berserk!
You can no longer call in reinforcements.
Jorgrun gestures at you while chanting.
You shatter!!!
The blast of petrified fragments hits your two-headed ogre!!
Your limbs are stiffening.
A red film seems to cover your vision as you go berserk!
You feel yourself moving faster!
You feel mighty!
Jorgrun hits your two-headed ogre with a staff of earth!!
The ground beneath your two-headed ogre fractures!!
Your two-headed ogre misses Jorgrun.
Your two-headed ogre hits Jorgrun with a +0 giant spiked club!!!
You have turned to stone.
Jorgrun hits your two-headed ogre with a staff of earth!
The ground beneath your two-headed ogre fractures!
Your two-headed ogre hits Jorgrun with a +0 giant spiked club!!!
Your two-headed ogre hits Jorgrun with a +0 giant spiked club!!
Jorgrun hits your two-headed ogre with a staff of earth!
The ground beneath your two-headed ogre fractures!
Your two-headed ogre dies!
Your two-headed ogre's corpse disappears in a puff of smoke!
Jorgrun gestures at you while chanting. The iron shot hits you!!
Jorgrun points at you and mumbles some strange words.
The iron shot hits you!!!
* * * LOW HITPOINT WARNING * * *
Jorgrun gestures at you while chanting.
You shatter!!
* * * LOW HITPOINT WARNING * * *
Jorgrun casts a spell at you.
Roots burst forth from the earth!
The grasping roots grab you! The grasping roots constrict you!
* * * LOW HITPOINT WARNING * * *
You are no longer berserk.
You feel yourself slow down. Jorgrun casts a spell at you.
The iron shot hits you!!
You die...

....# ......#.
#.#.####.........
#.$..#.#........
###.........>..$..
##....#............
.#....#....#.......$
..........#.........
##$#.#..............
#.....@.g.........
##.......#......#$
###......#.#...#
##....##.#...#
###)### .. .##
##.#.#.##.## #
#..<....###
#......#.##
.........###


You could see Jorgrun.

Vanquished Creatures
  Maurice (D:9)
  A troll (D:9)
  Sigmund (D:5)
  A wraith (D:9)
  A warg (Orc:1)
  A steam dragon (D:9)
  An ice beast (D:5)
  4 orc warriors (D:9)
  2 ogres
  3 centaurs
  A kobold brigand (D:6)
  Blork the orc (D:5)
  An elf zombie (Ossuary)
  A gnoll sergeant (D:6)
  A scorpion (D:5)
  8 killer bees
  A centaur zombie (Ossuary)
  A bombardier beetle (D:6)
  3 hounds (D:5)
  3 human zombies (Ossuary)
  2 jellies (D:6)
  5 orc priests
  A gnoll bouda (D:9)
  2 iguanas (D:5)
  An orc wizard (D:6)
  5 hound zombies (Ossuary)
  2 mummies (Ossuary)
  12 gnolls
  9 adders
  A white imp (D:6)
  4 ufetubi
  6 adder zombies (Ossuary)
  4 dart slugs
  6 ribbon worms
  13 orcs
  3 ball pythons
  4 endoplasms
  4 giant cockroaches
  2 gnoll zombies (Ossuary)
  6 goblins
  3 hobgoblins
  3 jackals (D:4)
  3 quokkas
  4 bats
  A frilled lizard (D:3)
  7 jackal zombies (Ossuary)
  5 kobolds
  9 kobold zombies (Ossuary)
  3 orc zombies (Ossuary)
  4 rats
171 creatures vanquished.

Notes
Turn   | Place    | Note
-------+----------+-------------------------------------------
     0 | D:1      | Foodle the Minotaur Berserker began the quest for the Orb.
     0 | D:1      | Reached XP level 1. HP: 19/19 MP: 0/0
   116 | D:1      | Reached XP level 2. HP: 27/27 MP: 1/1
   263 | D:1      | Reached skill level 1 in Polearms
  1475 | D:2      | Reached XP level 3. HP: 31/34 MP: 2/2
  1888 | D:3      | Found a white marble altar of Elyvilon.
  1895 | D:3      | Reached ** piety under Trog
  2023 | D:3      | Reached skill level 2 in Polearms
  2153 | D:3      | Reached XP level 4. HP: 38/41 MP: 3/3
  2208 | D:3      | Found a faded altar of an unknown god.
  2432 | D:4      | Found a staircase to the Ecumenical Temple.
  2487 | D:4      | Reached skill level 3 in Polearms
  2519 | D:4      | Reached XP level 5. HP: 41/47 MP: 4/4
  2650 | Temple   | Entered the Ecumenical Temple
  2798 | D:4      | Found Axatae Jahe's Assorted Antiques.
  2817 | D:4      | Bought a silver ring for 120 gold pieces
  3376 | D:5      | Entered Level 5 of the Dungeon
  3396 | D:5      | Noticed an ice beast
  3404 | D:5      | Noticed Blork the orc
  3408 | D:5      | Reached skill level 4 in Polearms
  3417 | D:5      | Killed Blork the orc
  3418 | D:5      | Reached XP level 6. HP: 53/53 MP: 5/5
  3427 | D:5      | Killed an ice beast
  3428 | D:5      | Reached skill level 5 in Polearms
  3597 | D:5      | Reached skill level 5 in Fighting
  3597 | D:5      | Reached skill level 6 in Polearms
  3836 | D:5      | Reached XP level 7. HP: 57/61 MP: 6/6
  3874 | D:5      | Noticed Sigmund
  3885 | D:5      | Killed Sigmund
  3886 | D:5      | Reached skill level 7 in Polearms
  4218 | D:6      | Found a sand-covered staircase.
  4350 | Ossuary  | Entered an ossuary
  4390 | Ossuary  | Reached *** piety under Trog
  4435 | Ossuary  | Reached skill level 8 in Polearms
  4653 | Ossuary  | Reached XP level 8. HP: 64/69 MP: 7/7
  4681 | Ossuary  | Reached skill level 9 in Polearms
  4791 | D:6      | Reached **** piety under Trog
  5129 | D:6      | Reached skill level 10 in Polearms
  6022 | D:7      | Reached skill level 11 in Polearms
  6381 | D:7      | You fall into a shaft and drop 2 floors!
  6394 | D:9      | Found Rauchocs's Armour Shoppe.
  6411 | D:9      | Reached XP level 9. HP: 61/78 MP: 8/8
  6415 | D:9      | Found a staircase to the Orcish Mines.
  6433 | D:9      | Reached skill level 12 in Polearms
  6436 | D:9      | Found Mianism's Weapon Shoppe.
  6588 | D:9      | Noticed Maurice
  6594 | D:9      | Maurice stole a ring of resist corrosion
  6595 | D:9      | Killed Maurice
  6612 | D:9      | Reached skill level 5 in Armour
  6652 | D:9      | Found a glowing silver altar of Zin.
  6652 | D:9      | Found a sparkling altar of Nemelex Xobeh.
  6653 | D:9      | Found a shimmering altar of Xom.
  7007 | D:9      | Noticed a troll
  7014 | D:9      | Killed a troll
  7353 | D:9      | Found a snail-covered altar of Cheibriados.
  7517 | Orc:1    | Entered Level 1 of the Orcish Mines
  7524 | Orc:1    | Reached skill level 5 in Dodging
  7561 | Orc:1    | Noticed Jorgrun
  7579 | Orc:1    | HP: 4/124 [constriction (4)]
  7580 | Orc:1    | Killed from afar by Jorgrun

Illustrated notes

Levels and vault maps discovered:
D:1:      roadster_arrival_rocket_small, layout_loops_ring,
          roderic_serpentine_path, corexii_leaking_fountain,
          hangedman_decor_growths
D:2:      layout_basic
D:3:      layout_rooms, overflow_temple_1_default,
          shapermc_ecumenical_altar_mp_highgroup
D:4:      layout_loops_ring, temple_pool_b, serial_shops, shop,
          hangedman_decor_slide_cut, minivault_19, kennysheep_small_spiral
D:5:      layout_loops_ring, nrook_mini_backslash, uniq_sigmund,
          uniq_blork_the_orc
D:6:      layout_layer_cave, nicolae_ossuary_entry_false_entrances
D:7:      gammafunk_wand_slinger, layout_basic, nicolae_the_louvre
D:9:      layout_long_grid, nicolae_overflow_quartered_altars, orc_david_3,
          uniq_maurice
Temple:   eino_wide_crystal_templ
Orc:1:    layout_caves, uniq_jorgrun, uniq_erolcha

Skill      XL: |  1  2  3  4  5  6  7  8  9 |
---------------+----------------------------+-----
Fighting       | 4 5 6 9 |  9.1
Polearms       | 1 2 3 4 6 8 11 12 | 12.0
Armour         | 3 4 6 |  6.9
Dodging        | 3 4 5 |  5.0
Long Blades    | |  3.7
Stealth        | |  0.6

Action                     |  1- 3 |  4- 6 |  7- 9 || total
---------------------------+-------+-------+-------++-------
  Melee: Falchion          |     5 |       |       ||     5
         Spear             |   409 |   140 |   397 ||   946
         Club              |     2 |       |       ||     2
         Headbutt          |   119 |    18 |    65 ||   202
         Punch             |     6 |     2 |     7 ||    15
 Invoke: Berserk           |     1 |     2 |     5 ||     8
         Trog's Hand       |       |       |     1 ||     1
         Brothers in Arms  |       |       |     2 ||     2
Ability: Begin Untransform |     1 |       |       ||     1
  Evoke: Phantom mirror    |       |       |     1 ||     1
    Use: Scroll            |       |       |    10 ||    10
   Stab: Sleeping          |     1 |       |       ||     1
 Armour: Animal skin       |     8 |       |       ||     8
         Ring mail         |     8 |       |       ||     8
         Scale mail        |     1 |       |       ||     1
         Chain mail        |    33 |    66 |   178 ||   277
  Dodge: Dodged            |    53 |    45 |   239 ||   337
   Form: Beast             |     1 |       |       ||     1
